 Dungeon Crawl Stone Soup version 0.32-a0-314-g526f7d4993 (webtiles) character file.

Game seed: 1567856479458703805

610 CowFu the Ruffian (level 7, -2/57 HPs)
             Began as a Red Draconian Shapeshifter on Feb 15, 2024.
             Was a Believer of Fedhas.
             Slain by a killer bee (6 damage)
             ... on level 4 of the Dungeon.
             The game lasted 00:03:34 (2884 turns).

CowFu the Ruffian (Red Draconian Shapeshifter)      Turns: 2884, Time: 00:03:35

Health: -2/57      AC:  6    Str: 19    XL:     7   Next: 20%
Magic:  7/7        EV: 12    Int: 10    God:    Fedhas [**....]
Gold:   365        SH:  0    Dex: 10    Spells: 6/6 levels left

rFire   + + .        q - +3 short sword (speed)
rCold   + . .        (no shield)
rNeg    . . .        (body armour unavailable)
rPois   +            (helmet currently unavailable)
rElec   +            (cloak currently unavailable)
rCorr   +            (gloves currently unavailable)
SInv    .            (boots currently unavailable)
Will    .....        (no amulet)
Stlth   +            n - ring of poison resistance
HPRegen 0.29/turn    (no ring)
MPRegen 0.10/turn

%: no passive effects
@: lethally poisoned (-2 -> -7), beast-form, resistant
A: beast (slay +3), breathe fire, AC +6, unfitting armour, fire resistance 1,
cold-blooded
a: Breathe Fire, Begin Untransformation, Renounce Religion, Wall of Briars


You were on level 4 of the Dungeon.
You worshipped Fedhas.
Fedhas was pleased with you.
You were a hulking beast.
You visited 1 branch of the dungeon, and saw 4 of its levels.
You also visited: Ossuary.

You collected 365 gold pieces.

Inventory:

Hand Weapons
 q - a +3 short sword of speed (weapon)
Jewellery
 n - a ring of poison resistance (left hand)
 p - a ring of fire
 s - a ring of ice
Talismans
 b - a beast talisman (active)
 c - a flux talisman
Scrolls
 d - a scroll of enchant armour {unknown}
 h - a scroll of teleportation
 i - a scroll of identify
 o - a scroll of enchant weapon {unknown}
 r - a scroll of amnesia {unknown}
 u - 3 scrolls of revelation {unknown}
Potions
 a - a potion of lignification
 g - 2 potions of enlightenment
 j - a potion of brilliance {unknown}
 k - a potion of curing {unknown}
 m - 2 potions of mutation {unknown}
 t - a potion of haste {unknown}
 v - a potion of attraction {unknown}


   Skills:
 - Level 3.0 Fighting
 - Level 3.0 Dodging
 + Level 5.6 Unarmed Combat
 + Level 5.2 Shapeshifting


You had 6 spell levels left.
You didn't know any spells.
Your spell library was empty.

Dungeon Overview and Level Annotations

Branches:
Dungeon (4/15)            Ossuary (visited)
 Temple: D:4-7

Altars:
Fedhas
Wu Jian


Innate Abilities, Weirdness & Mutations

You are a hulking beast.
Your limbs bulge with bestial killing power. (Slay +3)
You can breathe blasts of fire.
Your fiery red scales are hard. (AC +6)
You cannot fit into any form of body armour.
Your flesh is heat resistant. (rF+)
You are cold-blooded and may be slowed by cold attacks.


Message History

You hit the killer bee.
The killer bee is lightly wounded.
The killer bee misses you.
You closely miss the killer bee.
Your tail-slap misses the killer bee.
The killer bee is lightly wounded.
The killer bee stings you but does no damage.
You closely miss the killer bee.
The killer bee is lightly wounded.
The killer bee buzzes angrily.
The killer bee barely misses you.
You completely miss the killer bee.
Your tail-slap misses the killer bee.
The killer bee is lightly wounded.
The killer bee stings you. The killer bee stings you!
You closely miss the killer bee.
The killer bee is lightly wounded.
The killer bee misses you.
You hit the killer bee.
Your tail-slap misses the killer bee.
The killer bee is moderately wounded.
The killer bee misses you.
You closely miss the killer bee. You tail-slap the killer bee!
The killer bee is almost dead.
The killer bee closely misses you.
The killer bee stings you but does no damage.
You hit the killer bee.
You kill the killer bee!
Fedhas appreciates your contribution to the ecosystem.
You closely miss the killer bee. The killer bee misses you.
The killer bee stings you!
* * * LOW HITPOINT WARNING * * *
You closely miss the killer bee. The killer bee barely misses you.
The orc hits you from afar with a +0 trident!
* * * LOW HITPOINT WARNING * * *
It was a potion of resistance.
You feel protected. The killer bee stings you.
* * * LOW HITPOINT WARNING * * *
You are lethally poisoned!
The killer bee poisons you! The killer bee stings you.
You die...
Fedhas appreciates your contribution to the ecosystem.

### ### #h# . #..
#y### ###.. #.#
###yo.##.....
#..W#.#......
##.###....y...
#.o####.y.....
...##.............
....W.†..o........
.$................


You could see a phantom, 3 killer bees and an orc.

Vanquished Creatures
  A weeping skull (Ossuary)
  A scorpion (D:4)
  A burial acolyte (Ossuary)
  2 killer bees (D:4)
  3 human zombies (Ossuary)
  Jessica (D:2)
  A hound zombie (Ossuary)
  3 mummies
  Robin (D:3)
  2 adders (D:2)
  2 ribbon worms
  A dart slug (D:2)
  5 endoplasms
  A giant cockroach (D:2)
  18 goblins
  9 hobgoblins
  7 jackals
  2 quokkas
  5 ball pythons
  4 bats
  A frilled lizard (D:1)
  4 kobolds
  A kobold zombie (Ossuary)
  7 rats
83 creatures vanquished.

Notes
Turn   | Place    | Note
-------+----------+-------------------------------------------
     0 | D:1      | CowFu the Draconian Shapeshifter began the quest for the
                  | Orb.
     0 | D:1      | Reached XP level 1. HP: 16/16 MP: 1/1
   101 | D:1      | Reached XP level 2. HP: 18/23 MP: 2/2
   287 | D:1      | Reached XP level 3. HP: 29/29 MP: 3/3
   955 | D:2      | Found a faded altar of an unknown god.
   970 | D:2      | Prayed at the altar of an unknown god.
   970 | D:2      | Became a worshipper of Fedhas Madash
   970 | D:2      | Reached * piety under Fedhas
  1155 | D:2      | Reached XP level 4. HP: 37/37 MP: 4/4
  1198 | D:2      | Noticed Jessica
  1251 | D:2      | Killed Jessica
  1842 | D:3      | Reached ** piety under Fedhas
  1923 | D:3      | Reached XP level 5. HP: 44/44 MP: 5/5
  1963 | D:3      | Noticed Robin
  2002 | D:3      | Killed Robin
  2120 | D:3      | Found an ornate altar of the Wu Jian Council.
  2384 | D:4      | Found a sand-covered staircase.
  2394 | Ossuary  | Entered an ossuary
  2394 | Ossuary  | Found a huge runed translucent gate.
  2394 | Ossuary  | Found a huge runed translucent gate.
  2394 | Ossuary  | Found a huge runed translucent gate.
  2394 | Ossuary  | Found a huge runed translucent gate.
  2394 | Ossuary  | Found a huge runed translucent gate.
  2394 | Ossuary  | Found a huge runed translucent gate.
  2394 | Ossuary  | Found a huge runed translucent gate.
  2394 | Ossuary  | Found a huge runed translucent gate.
  2475 | Ossuary  | Found a huge runed translucent gate.
  2475 | Ossuary  | Found a huge runed translucent gate.
  2475 | Ossuary  | Found a huge runed translucent gate.
  2476 | Ossuary  | Found a huge runed translucent gate.
  2476 | Ossuary  | Found a huge runed translucent gate.
  2478 | Ossuary  | Found a huge runed translucent gate.
  2478 | Ossuary  | Found a huge runed translucent gate.
  2496 | Ossuary  | Reached XP level 6. HP: 27/51 MP: 6/6
  2503 | Ossuary  | Found a huge runed translucent gate.
  2503 | Ossuary  | Found a huge runed translucent gate.
  2503 | Ossuary  | Found a huge runed translucent gate.
  2503 | Ossuary  | Found a huge runed translucent gate.
  2503 | Ossuary  | Found a huge runed translucent gate.
  2598 | Ossuary  | Found a huge runed translucent gate.
  2598 | Ossuary  | Found a huge runed translucent gate.
  2600 | Ossuary  | Found a huge runed translucent gate.
  2600 | Ossuary  | Found a huge runed translucent gate.
  2601 | Ossuary  | Found a huge runed translucent gate.
  2601 | Ossuary  | Found a huge runed translucent gate.
  2602 | Ossuary  | Found a huge runed translucent gate.
  2602 | Ossuary  | Found a huge runed translucent gate.
  2604 | Ossuary  | Found a huge runed translucent gate.
  2604 | Ossuary  | Found a huge runed translucent gate.
  2673 | Ossuary  | Found a huge runed translucent gate.
  2673 | Ossuary  | Found a huge runed translucent gate.
  2673 | Ossuary  | Found a huge runed translucent gate.
  2673 | Ossuary  | Found a huge runed translucent gate.
  2673 | Ossuary  | Found a huge runed translucent gate.
  2699 | Ossuary  | Reached skill level 5 in Unarmed Combat
  2725 | Ossuary  | Reached skill level 5 in Shapeshifting
  2725 | Ossuary  | Your scales start taking on a fiery red colour.
  2725 | Ossuary  | Reached XP level 7. HP: 47/57 MP: 7/7
  2725 | Ossuary  | Gained mutation: Your flesh is heat resistant. (rF+) [Red
                  | Draconian growth]
  2884 | D:4      | Slain by a killer bee

Illustrated notes

Levels and vault maps discovered:
D:1:      scummos_arrival_star, layout_loops_ring
D:2:      layout_basic, serial_forest, infiniplex_forest_corner_1,
          infiniplex_forest_end_1, infiniplex_forest_straight_4,
          infiniplex_forest_lined_2, infiniplex_forest_clump_diagonal,
          infiniplex_forest_lined_4_way, infiniplex_forest_end_2,
          shapermc_ecumenical_altar_starsandcircs, uniq_jessica
D:3:      layout_loops_ring, nzn_wu_jian_council_hall, corexii_shack,
          minmay_cut_off, uniq_robin
D:4:      layout_rooms, kennysheep_mini_moat, general_overflow_altar,
          nzn_hepliaklqana_mist_gate, mainiacjoe_overflow_catwalk,
          gup_ossuary_entry_pyramid

Skill      XL: |  1  2  3  4  5  6 |
---------------+-------------------+-----
Dodging        | 2 3 |  3.0
Fighting       | 2 3 |  3.0
Unarmed Combat | 4 5 |  5.6
Shapeshifting  | 4 5 |  5.2

Action                     |  1- 3 |  4- 6 |  7- 9 || total
---------------------------+-------+-------+-------++-------
  Melee: Unarmed           |    81 |    16 |       ||    97
         Tailslap          |     6 |    26 |     2 ||    34
         Punch             |     2 |       |       ||     2
         Short sword       |       |   135 |    30 ||   165
    Use: Scroll            |       |     6 |     1 ||     7
         Potion            |       |       |     4 ||     4
   Stab: Sleeping          |       |     2 |       ||     2
 Armour: Skin              |    34 |    71 |    50 ||   155
  Dodge: Dodged            |    52 |    67 |    44 ||   163

Table legend: (Time is in decaauts)
 A = Elapsed time spent in this place.
 B = Non-inter-level travel time spent in this place.
 C = Inter-level travel time spent in this place.
 D = Time resting spent in this place.
 E = Time spent auto-exploring this place.
 F = Levels seen in this place.
 G = Mean time per level.
                   A        B        C        D        E       F      G
               +--------+--------+--------+--------+--------+-----+--------+
         Total |   2833 |   2741 |     92 |      0 |   2217 |   5 |  566.6 |
       Dungeon |   2440 |   2348 |     92 |      0 |   1914 |   4 |  610.0 |
       Ossuary |    392 |    392 |      0 |      0 |    303 |   1 |  392.0 |
               +--------+--------+--------+--------+--------+-----+--------+

Top non-repeatable levels by time:
     D:2: 980 daAuts
     D:1: 774 daAuts
     D:3: 600 daAuts
 Ossuary: 392 daAuts
     D:4: 85 daAuts
